 Dungeon Crawl Stone Soup version 0.21.0-26-g889b8f6 (webtiles) character file.

569 pstr the Digger (level 7, -1/55 HPs)
             Began as a Naga Earth Elementalist on Jan 27, 2018.
             Was an Initiate of Elyvilon.
             Slain by a worker ant (3 damage)
             ... on level 4 of the Dungeon.
             The game lasted 00:09:39 (4081 turns).

pstr the Digger (Naga Earth Elementalist)           Turns: 4081, Time: 00:09:40

Health: -1/55      AC:  3    Str: 11    XL:     7   Next: 33%
Magic:  10/14      EV:  8    Int: 17    God:    Elyvilon [......]
Gold:   107        SH:  0    Dex: 11    Spells: 12/16 levels left

rFire    . . .     SeeInvis +   q - +0 hand axe (venom)
rCold    . . .     Gourm    .   (no shield)
rNeg     . . .     Faith    .   c - +0 robe
rPois    +         Spirit   .   (no helmet)
rElec    .         Reflect  .   (no cloak)
rCorr    .         Harm     .   (no gloves)
MR       .....                  (no barding)
Stlth    ++........             (no amulet)
HPRegen  0.18/turn              p - -2 ring of evasion (curse)
MPRegen  0.14/turn              y - ring of poison resistance

@: very slow
A: large, see invisible, deformed body, poison resistance, slowness 2, slow
metabolism 1, spit poison 1, AC +2
a: Spit Poison, Renounce Religion


You were on level 4 of the Dungeon.
You worshipped Elyvilon.
Elyvilon was noncommittal.
You were very hungry.

You visited 1 branch of the dungeon, and saw 4 of its levels.

You collected 107 gold pieces.

Inventory:

Hand Weapons
 k - a +0 short sword
 q - a +0 hand axe of venom (weapon)
 z - a +0 falchion
Missiles
 b - 63 stones (quivered)
 t - 54 arrows
Armour
 c - a +0 robe (worn)
 j - a +0 leather armour
 u - a +0 leather armour
 A - a +0 animal skin
 B - a +0 helmet
Jewellery
 a - an uncursed ring of resist corrosion
 i - an uncursed ring of protection from fire
 p - a cursed -2 ring of evasion (left hand)
 y - a ring of poison resistance (right hand)
Scrolls
 g - 3 scrolls of identify {unknown}
 l - a scroll of enchant armour {unknown}
 m - a scroll of noise {unknown}
 o - a scroll of teleportation {unknown}
 r - a scroll of enchant weapon {unknown}
 s - 2 scrolls of remove curse {unknown}
 v - a scroll of fog {unknown}
 w - a scroll of fear {unknown}
 C - a scroll of blinking {unknown}
Potions
 f - a potion of haste {unknown}
 h - a potion of lignification {unknown}
 n - a potion of might {unknown}
Books
 e - a book of Geomancy

   Spells                             Type                      Level
   a - Sandblast                      Earth                        1
   b - Passwall                       Transmutation/Earth          2
   c - Stone Arrow                    Conjuration/Earth            3
   d - Petrify                        Transmutation/Earth          4
   e - Lee's Rapid Deconstruction     Earth                        5
Comestibles
 d - 4 rations


   Skills:
 + Level 0.4 Axes
 + Level 1.9 Dodging
 + Level 3.8 Stealth
 + Level 5.0 Spellcasting
 + Level 1.1 Conjurations
   Level 1.0 Transmutations
 + Level 5.7 Earth Magic


You had 12 spell levels left.
You knew the following spells:

 Your Spells              Type           Power        Failure   Level  Hunger
a - Sandblast             Erth           ###...       1%          1    None
b - Stone Arrow           Conj/Erth      ###...       10%         3    ###....


Dungeon Overview and Level Annotations

Branches:
Dungeon (4/15)
 Temple: D:4-7

Altars:
Elyvilon
Makhleb
Ru
Xom
Yredelemnul
Zin


Innate Abilities, Weirdness & Mutations

You cannot wear boots.
Your serpentine skin is tough. (AC +2)
You have supernaturally acute eyesight. (SInv)
Armour fits poorly on your strangely shaped body.
Your system is resistant to poisons. (rPois)
You cover ground very slowly.
You have a slow metabolism.
You can spit poison.


Message History

The blast of sand hits the orc.
The orc is severely wounded.
b - 64 stones The orc closely misses you.
Casting: Sandblast
Confirm with . or Enter, or press ? or * to list all spells.
Aiming: Sandblast
Press: ? - help, Shift-Dir - straight line, f/p - orc
Aim: an orc, wielding a falchion and wearing a leather armour (severely wounded)
The blast of sand hits the orc.
You kill the orc!
b - 63 stones The orc priest invokes the aid of Beogh against you.
Pain shoots through your body!
* * * LOW HITPOINT WARNING * * *
The orc priest calls down the wrath of Beogh upon you.
Pain shoots through your body!
* * * LOW HITPOINT WARNING * * *
The worker ant bites you.
You die...

#........## #..........#
##.........####
.............##### ##
.................##### ≈####+#
................o.o.###≈≈≈≈≈.≈
#........#####.)..o....§.....#
#........#_.)#a####..........#
........#...'@# #####.......
####....#_..### ##.....
##...##### .... ## ... .. .


You could see a worker ant and an orc priest.

Vanquished Creatures
  Grinder (D:3)
  A sky beast (D:4)
  A crimson imp (D:4)
  An orc priest (D:3)
  A jelly (D:4)
  An orc wizard (D:3)
  Natasha (D:3)
  A worker ant (D:4)
  A hound skeleton (D:4)
  Robin (D:3)
  2 adders (D:2)
  2 worms (D:2)
  A dart slug (D:4)
  2 leopard geckos
  5 orcs
  5 bats
  8 giant cockroaches
  14 goblins
  8 hobgoblins
  3 jackals
  3 quokkas (D:3)
  A frilled lizard (D:2)
  3 kobolds
  A leopard gecko skeleton (D:4)
  7 rats
75 creatures vanquished.

Notes
Turn   | Place    | Note
-------+----------+-------------------------------------------
     0 | D:1      | pstr the Naga Earth Elementalist began the quest for the Orb.
     0 | D:1      | Reached XP level 1. HP: 15/15 MP: 3/3
     3 | D:1      | Noticed an electric eel
     3 | D:1      | Noticed an electric eel
   121 | D:1      | Reached XP level 2. HP: 22/22 MP: 0/5
  1023 | D:2      | Reached XP level 3. HP: 23/28 MP: 0/6
  1028 | D:2      | Learned a level 3 spell: Stone Arrow
  1694 | D:2      | Reached XP level 4. HP: 36/36 MP: 0/8
  2357 | D:3      | Found a sacrificial altar of Ru.
  2548 | D:3      | Found a glowing silver altar of Zin.
  2548 | D:3      | Noticed an angel
  2655 | D:3      | Reached XP level 5. HP: 42/42 MP: 6/10
  2889 | D:3      | Found a basalt altar of Yredelemnul.
  2931 | D:3      | Noticed Grinder
  2939 | D:3      | Noticed Natasha
  2939 | D:3      | Paralysed by Grinder for 2 turns
  2943 | D:3      | Killed Natasha
  2949 | D:3      | Killed Grinder
  2949 | D:3      | Reached skill level 5 in Earth Magic
  2949 | D:3      | Reached XP level 6. HP: 42/49 MP: 0/12
  3048 | D:3      | Found a white marble altar of Elyvilon.
  3167 | D:3      | Became a worshipper of Elyvilon the Healer
  3212 | D:3      | Noticed Robin
  3225 | D:3      | Killed Robin
  3788 | D:4      | Reached skill level 1 in Conjurations
  3788 | D:4      | Reached XP level 7. HP: 55/55 MP: 6/14
  4037 | D:4      | Found a shimmering altar of Xom.
  4040 | D:4      | Found a burning altar of Makhleb.
  4041 | D:4      | Reached skill level 5 in Spellcasting
  4080 | D:4      | HP: 2/55 [orc priest/nerve-wracking pain (10)]
  4081 | D:4      | Slain by a worker ant

Skill      XL: |  1  2  3  4  5  6  7 |
---------------+----------------------+-----
Spellcasting   | 3 4 5 |  5.0
Earth Magic    | 4 5 |  5.7
Conjurations   | 1 |  1.1
Axes           | |  0.4
Dodging        | |  1.9
Stealth        | |  3.8
Transmutations | |  1.0

Action                   |  1- 3 |  4- 6 |  7- 9 || total
-------------------------+-------+-------+-------++-------
Melee: Unarmed           |     1 |       |       ||     1
       Hand axe          |       |     3 |       ||     3
 Cast: Sandblast         |    49 |    35 |     3 ||    87
       Stone Arrow       |       |    21 |     7 ||    28
 Abil: Spit Poison       |     3 |     8 |     1 ||    12
  Eat: Chunk             |     2 |     8 |       ||    10
Armor: Robe              |     1 |     6 |       ||     7
Dodge: Dodged            |     9 |    15 |     3 ||    27
